cohdb
Replays
Latest Replays
All Replays
Popular Replays
Top Player Replays
Match Explorer
How It Works
Community
CoH3 Stats
Reddit
Sign in to upload your games and track your stats! →
Sign in with Steam
Match 42099012
Unlisted
Match 42099012
Overview
Messages
Build Orders
End
Kradschützen Motorcycle Team
Selects Italian Combined Arms Battlegroup
Selects Bersaglieri Squad
Bersaglieri Squad
Bersaglieri Squad
250 Light Carrier
Panzerpioneer Squad
250 Light Carrier
Construct Light Support Kompanie
Bersaglieri Squad
2.5-tonne Medical Truck
Combat Half-tracks
Selects Bersaglieri Bolster
Selects Breda Model 30 Light Machine Guns
Panzerjäger Mechanized Group
Fire Support Elements
Construct Panzerarmee Kommand
Armored Reserves
Tiger Heavy Tank
Vehicle Survival Package
ConcernedApe
badiba
Mephswall
ptbernardo07
0
0
Comments
sign in to comment!
No comments posted yet!